 Dungeon Sprint DCSS version 0.19-a0-1922-g1e9a4c1 (webtiles) character file.

4900000 packetloss the Intangible (level 26, -49/169 HPs)
             Began as a Spriggan Artificer on Oct 25, 2016.
             Killed from afar by a large bag of meat (64 damage)
             ... with an exploding inner flame
             ... in the Dungeon (Sprint VIII: "Arena of Blood").
             The game lasted 00:03:50 (49 turns).

packetloss the Intangible (Spriggan Artificer)        Turns: 49, Time: 00:03:51

Health: -49/169    AC:  4    Str:  8    XL:     26   Next: 35%
Magic:  12/55      EV: 44    Int: 15    God:
Gold:   0          SH:  0    Dex: 26    Spells: 0 memorised, 79 levels left

rFire  . . .     SeeInvis +     m - +∞ Axe of Woe
rCold  . . .     Gourm    .     b - +0 robe
rNeg   . . .     Faith    .     (shield currently unavailable)
rPois  .         Spirit   .     (helmet restricted)
rElec  .         Reflect  .     (no cloak)
rCorr  .         Harm     .     (gloves unavailable)
MR     ++++.     NoTele   +     (boots unavailable)
Stlth  +++++++++.               (no amulet)
                                (no ring)
                                n - +30 ring of slaying

@: very quick
A: unfitting armour, see invisible, herbivore 3, speed 3, slow metabolism 2
a: no special abilities


You were in the Dungeon.
You were not hungry.

You visited 1 branch

Inventory:

Hand Weapons
 a - a +0 short sword
 m - the +∞ Axe of Woe (weapon)
   (You found it in the Dungeon)
Armour
 b - a +0 robe (worn)
Jewellery
 n - a +30 ring of slaying (left hand)
   (You took it off an orc in the Dungeon)
Wands
 c - a wand of flame (14/48)
 d - a wand of enslavement (10/24)
 e - a wand of random effects (15/48)
Scrolls
 l - a scroll of blinking {!r}
Potions
 g - a potion of curing
 i - a potion of haste
 j - 2 potions of magic
 k - a potion of berserk rage {!q}
Comestibles
 f - a bread ration {@e1}


   Skills:
 O Level 27 Fighting
 O Level 27 Short Blades
 O Level 27 Axes
 O Level 27 Throwing
 O Level 27 Armour
 O Level 27 Dodging
 O Level 27 Stealth
 O Level 27 Unarmed Combat
 O Level 27 Spellcasting
 O Level 27 Evocations


You had 79 spell levels left.
You didn't know any spells.

Dungeon Overview and Level Annotations

Branches:
Dungeon (1/1)

Altars:
Makhleb


Innate Abilities, Weirdness & Mutations

You are very small and have problems with some larger weapons.
You are too small for most types of armour.
You have supernaturally acute eyesight. (SInv)
You are a herbivore.
You cover ground extremely quickly.
You need consume almost no food.


Message History

The destroyer blinks!
Two crawling corpses merge to form a small abomination.
You hear a shout!
An orc, a small abomination and a crawling corpse come into view.
You regained 2 hp, and now have 32/158 hp.
Sorry, you're not good enough to have a special ability.
Unknown command.
You don't know any spells.
Unknown command.
Okay, then.
Unknown command.
You slice the meat berserker!!
You hew the meat berserker savagely.
You kill the meat berserker!
You slash the meat berserker!
You slaughter the meat berserker joyfully.
You kill the meat berserker!
You slice the bag of meat!!
You pulverise the bag of meat into a thin bloody mist.
You kill the bag of meat!
You slice the meat berserker!!
You pulverise the meat berserker into a thin bloody mist.
You kill the meat berserker!
You slash the small abomination!
You butcher the small abomination messily.
You destroy the small abomination!
The meat berserker rages.
The small abomination moves out of view.
You hear a shout!
A crawling corpse suddenly disappears!
Your large bag of meat hits the bag of meat with a +9 giant spiked club!!!!
The bag of meat hits your large bag of meat with a +9 war axe!!
The corpses begin to drag themselves along the ground!
The destroyer blinks! 3 crawling corpses come into view.
Unknown command.
Unknown command.
You slash the meat berserker!
You pulverise the meat berserker into a thin bloody mist.
You kill the meat berserker!
You have reached level 25!
You feel clever.
You slice the bag of meat!!
You hew the bag of meat savagely.
You kill the bag of meat!
You slice the bag of meat!!
You slaughter the bag of meat joyfully.
You kill the bag of meat!
You slice the bag of meat!!
You fatally mangle the bag of meat.
You kill the bag of meat!
You slash the destroyer!
You slaughter the destroyer joyfully.
You destroy the destroyer!
You hear a shout!
The bag of meat hits your large bag of meat with a +9 war axe!!
The meat berserker hits you with a +9 battleaxe!!
* * * LOW HITPOINT WARNING * * *
A large abomination comes into view.
You take 18 damage, and have 14/163 hp.
Unknown command.
Unknown command.
The bag of meat shouts!
You dice the meat berserker like an onion!!!
You hew the meat berserker savagely.
You kill the meat berserker!
You slice the bag of meat!!
You fatally mangle the bag of meat.
You kill the bag of meat!
You have reached level 26!
You slice the bag of meat!!
You fatally mangle the bag of meat.
You kill the bag of meat!
You slice the bag of meat!!
You cleave the bag of meat in twain.
You kill the bag of meat!
The meat berserker hits your large bag of meat with a +9 battleaxe!!
You hear a shout! x2
The bag of meat hits your large bag of meat with a +9 war axe!!!
Some corpses begin to drag themselves along the ground!
Some corpses meld into an agglomeration of writhing flesh!
The accursed appears out of thin air!
An accursed comes into view.
Your large bag of meat hits the bag of meat with a +9 giant spiked club!!!!
The accursed appears out of thin air!
An accursed comes into view.
Two crawling corpses merge to form a small abomination. x2
An orc, an ogre, a small abomination and 3 crawling corpses come into view.
Unknown command.
The bag of meat shouts!
You slash the sculptor of flesh!
You butcher the sculptor of flesh messily.
You destroy the sculptor of flesh!
You slash the small abomination!
You slaughter the small abomination joyfully.
You destroy the small abomination!
You slice the crawling corpse!!
You pulverise the crawling corpse into a thin bloody mist.
You destroy the crawling corpse!
You hit the large bag of meat but do no damage.
You slaughter the large bag of meat joyfully.
The large bag of meat explodes!
The fiery explosion engulfs the small abomination.
The fiery explosion engulfs the bag of meat.
The fiery explosion engulfs the crawling corpse.
The crawling corpse is destroyed!
The fiery explosion engulfs you!
You die...

.o.............
O.CO....#.#.....
..o.........o...
....o..xoo......
.....ox.oo....M.
.M..ooooVo.......
....Voooxx.......
#ox§@).o# ...
#.o)))x.# ...
.###C§§O)oo###...
..ooo.###CV....o.
.oooz.._.Xo.o....
.x.o#.....#oC....
....#_.<._#..oo..
....#.....#..oo..


You could see 2 accurseds, 3 destroyers, a sculptor of flesh, 3 large bags of
meat, a large abomination, 3 meat berserkers, 2 small abominations, 36 bags of
meat, 5 crawling corpses and a friendly large bag of meat (inner flame).

Vanquished Creatures
  4 vampire knights (D)
  19 ogres (D)
  26 orcs (D)
  2 skeletal warriors (D)
  3 small abominations (D)
  2 crawling corpses (D)
56 creatures vanquished.

Vanquished Creatures (others)
  An ogre (D)
  A crawling corpse (D)
2 creatures vanquished.

Grand Total: 58 creatures vanquished

Notes
Turn   | Place    | Note
-------+----------+-------------------------------------------
     0 | D        | packetloss the Spriggan Artificer began the quest for the Orb.
     0 | D        | Reached XP level 1. HP: 9/9 MP: 4/4
     3 | D        | Noticed a meat berserker
     4 | D        | Noticed a bag of meat
     5 | D        | Noticed a bag of meat
     6 | D        | Noticed a bag of meat
     9 | D        | Killed a bag of meat
     9 | D        | Reached skill level 11 in Fighting
     9 | D        | Reached skill level 14 in Short Blades
     9 | D        | Reached skill level 17 in Dodging
     9 | D        | Reached skill level 19 in Stealth
     9 | D        | Reached skill level 16 in Evocations
     9 | D        | Reached XP level 2. HP: 25/25 MP: 4/12
     9 | D        | Reached XP level 3. HP: 30/30 MP: 4/13
     9 | D        | Reached XP level 4. HP: 35/35 MP: 4/15
     9 | D        | Reached XP level 5. HP: 39/39 MP: 4/16
     9 | D        | Reached XP level 6. HP: 43/43 MP: 4/18
     9 | D        | Reached XP level 7. HP: 47/47 MP: 4/19
     9 | D        | Reached XP level 8. HP: 52/52 MP: 4/21
     9 | D        | Reached XP level 9. HP: 56/56 MP: 4/22
     9 | D        | Reached XP level 10. HP: 61/61 MP: 4/23
     9 | D        | Reached XP level 11. HP: 65/65 MP: 4/24
    11 | D        | Noticed a bag of meat
    11 | D        | Noticed a bag of meat
    11 | D        | Noticed a meat berserker
    11 | D        | Noticed a bag of meat
    11 | D        | Noticed a meat berserker
    12 | D        | Noticed a bag of meat
    12 | D        | Noticed a bag of meat
    13 | D        | Noticed a bag of meat
    14 | D        | Noticed a bag of meat
    15 | D        | Noticed a meat berserker
    15 | D        | Noticed a bag of meat
    15 | D        | Noticed a bag of meat
    15 | D        | Noticed a meat berserker
    16 | D        | Noticed a bag of meat
    16 | D        | Noticed a bag of meat
    16 | D        | Noticed a bag of meat
    16 | D        | Noticed a meat berserker
    16 | D        | Killed a bag of meat
    16 | D        | Reached skill level 22 in Dodging
    16 | D        | Reached skill level 21 in Evocations
    16 | D        | Reached XP level 12. HP: 70/70 MP: 5/27
    17 | D        | Noticed a bag of meat
    17 | D        | Noticed a bag of meat
    17 | D        | Noticed a meat berserker
    17 | D        | Killed a meat berserker
    17 | D        | Reached skill level 27 in Dodging
    17 | D        | Reached skill level 27 in Evocations
    17 | D        | Reached skill level 6 in Axes
    17 | D        | Reached XP level 13. HP: 74/74 MP: 5/31
    17 | D        | Reached XP level 14. HP: 79/79 MP: 5/32
    17 | D        | Killed a meat berserker
    17 | D        | Reached skill level 17 in Axes
    17 | D        | Reached XP level 15. HP: 83/83 MP: 5/33
    18 | D        | Noticed a meat berserker
    18 | D        | Noticed a meat berserker
    18 | D        | Reached skill level 20 in Axes
    18 | D        | Reached skill level 22 in Axes
    19 | D        | Reached skill level 24 in Axes
    19 | D        | Reached XP level 16. HP: 87/87 MP: 6/34
    20 | D        | Noticed a meat berserker
    20 | D        | Noticed a meat berserker
    21 | D        | Reached skill level 26 in Axes
    21 | D        | Killed a meat berserker
    21 | D        | Reached skill level 27 in Axes
    21 | D        | Reached skill level 15 in Fighting
    21 | D        | Reached skill level 24 in Stealth
    21 | D        | Reached XP level 17. HP: 40/99 MP: 6/35
    21 | D        | Killed a meat berserker
    21 | D        | Reached skill level 19 in Fighting
    21 | D        | Reached skill level 27 in Stealth
    21 | D        | Reached skill level 22 in Fighting
    21 | D        | Reached skill level 24 in Fighting
    21 | D        | Reached XP level 18. HP: 50/122 MP: 6/36
    22 | D        | Killed a meat berserker
    22 | D        | Reached skill level 27 in Fighting
    22 | D        | Reached skill level 8 in Armour
    22 | D        | Reached skill level 13 in Armour
    23 | D        | Killed a meat berserker
    23 | D        | Reached skill level 19 in Armour
    23 | D        | Reached XP level 19. HP: 54/132 MP: 6/37
    23 | D        | Reached skill level 21 in Armour
    24 | D        | Killed a meat berserker
    24 | D        | Reached skill level 25 in Armour
    24 | D        | Reached skill level 26 in Armour
    25 | D        | Killed a meat berserker
    25 | D        | Reached skill level 27 in Armour
    25 | D        | Reached skill level 17 in Throwing
    25 | D        | Reached XP level 20. HP: 57/137 MP: 7/38
    25 | D        | Reached skill level 21 in Throwing
    27 | D        | Reached skill level 24 in Throwing
    27 | D        | Reached skill level 26 in Throwing
    28 | D        | Noticed a meat berserker
    28 | D        | Reached skill level 27 in Throwing
    28 | D        | Reached skill level 13 in Spellcasting
    29 | D        | Noticed a destroyer
    32 | D        | Noticed a destroyer
    33 | D        | Noticed a meat berserker
    33 | D        | Noticed a meat berserker
    33 | D        | Noticed a destroyer
    36 | D        | Noticed a meat berserker
    37 | D        | Noticed a meat berserker
    37 | D        | Noticed a meat berserker
    37 | D        | Noticed a destroyer
    38 | D        | Noticed a meat berserker
    38 | D        | Noticed a destroyer
    39 | D        | Noticed a meat berserker
    39 | D        | Killed a meat berserker
    39 | D        | Reached skill level 24 in Spellcasting
    39 | D        | Reached XP level 21. HP: 91/142 MP: 9/50
    39 | D        | Reached skill level 27 in Spellcasting
    39 | D        | Reached skill level 5 in Unarmed Combat
    41 | D        | Noticed a destroyer
    41 | D        | Reached skill level 17 in Unarmed Combat
    41 | D        | Killed a destroyer
    41 | D        | Reached skill level 24 in Unarmed Combat
    41 | D        | Reached XP level 22. HP: 95/148 MP: 10/54
    42 | D        | Noticed a destroyer
    42 | D        | HP: 29/148 [meat berserker/+9 battleaxe (67)]
    43 | D        | Noticed a destroyer
    43 | D        | Reached skill level 27 in Unarmed Combat
    43 | D        | Reached skill level 16 in Short Blades
    43 | D        | Reached skill level 20 in Short Blades
    43 | D        | Killed a destroyer
    43 | D        | Reached skill level 27 in Short Blades
    43 | D        | Reached XP level 23. HP: 30/153 MP: 10/55
    45 | D        | Killed a destroyer
    45 | D        | Reached XP level 24. HP: 31/158 MP: 11/55
    47 | D        | Reached XP level 25. HP: 33/163 MP: 11/55
    47 | D        | Killed a destroyer
    47 | D        | HP: 14/163 [meat berserker/+9 battleaxe (19)]
    48 | D        | Reached XP level 26. HP: 15/169 MP: 11/55
    49 | D        | Noticed an accursed
    49 | D        | Noticed an accursed
    49 | D        | Killed from afar by a large bag of meat

Vault maps used:
D:        meatsprint

Skill      XL: |  1  2  3  4  5  6  7  8  9 10 11 12 13 14 15 16 17 18 19 20 21 22 |
---------------+-------------------------------------------------------------------+-----
Fighting       | 11 15 24 27 | 27.0
Short Blades   | 14 27 | 27.0
Dodging        | 17 22 27 | 27.0
Stealth        | 19 24 27 | 27.0
Evocations     | 16 21 27 | 27.0
Axes           | 6 17 24 27 | 27.0
Armour         | 19 27 | 27.0
Throwing       | 17 27 | 27.0
Spellcasting   | 24 27 | 27.0
Unarmed Combat | 24 27 | 27.0

Action                   |  1- 3 |  4- 6 |  7- 9 | 10-12 | 13-15 | 16-18 | 19-21 | 22-24 | 25-27 || total
-------------------------+-------+-------+-------+-------+-------+-------+-------+-------+-------++-------
Melee: Broad axe         |     1 |       |       |     2 |     2 |     3 |     6 |     5 |     2 ||    21
Evoke: Wand              |       |       |       |     3 |       |     1 |     1 |     1 |       ||     6
  Use: Potion            |       |       |       |       |       |       |     1 |       |       ||     1
Dodge: Dodged            |       |       |       |     1 |       |     1 |       |       |       ||     2

Vault maps used:
D:        meatsprint

Table legend:
 A = Turns spent in this place as a percentage of turns spent in the entire game.
 B = Non-inter-level travel turns spent in this place as a percentage of non-inter-level travel turns spent in the entire game.
 C = Inter-level travel turns spent in this place as a percentage of turns spent in this place.
 D = Turns resting spent in this place as a percentage of non-inter-level travel turns spent in this place.
 E = Turns spent auto-exploring this place as a percentage of non-inter-level travel turns spent in this place.
 F = Non-inter-level travel turns spent in this place divided by the number of levels of this place that you've seen.
                   A       B       C       D       E      F
               +-------+-------+-------+-------+-------+----------------------
         Total | 100.0 | 100.0 |   0.0 |   0.0 |   0.0 | 105.0
       Dungeon | 100.0 | 100.0 |   0.0 |   0.0 |   0.0 | 105.0
               +-------+-------+-------+-------+-------+----------------------

Table legend:
 A = Kills in this place as a percentage of kills in entire the game.
 B = Kills by you in this place as a percentage of kills by you in the entire game.
 C = Kills by friends in this place as a percentage of kills by friends in the entire game.
 D = Other kills in this place as a percentage of other kills in the entire game.
 E = Experience gained in this place as a percentage of experience gained in the entire game.
 F = Experience gained in this place divided by the number of levels of this place that you have seen.
                   A       B       C       D       E      F
               +-------+-------+-------+-------+-------+----------------------
         Total | 100.0 | 100.0 |  -nan |  -nan | 100.0 | 1379990.0
       Dungeon | 100.0 | 100.0 |  -nan |  -nan | 100.0 | 1379990.0
               +-------+-------+-------+-------+-------+----------------------
